 Dungeon Crawl Stone Soup version 0.26.1-11-gd32895ea62 (webtiles) character file.

Game seed: 15327352703016942124

449 RepoMan the Insei (level 6, -3/46 HPs)
             Began as a Demonspawn Transmuter on July 25, 2021.
             Was an Initiate of Fedhas.
             Slain by an orc warrior
             ... wielding a +0 long sword
              (11 damage)
             ... on level 6 of the Dungeon.
             The game lasted 00:21:04 (5012 turns).

RepoMan the Insei (Demonspawn Transmuter)           Turns: 5012, Time: 00:21:08

Health: -3/46      AC:  9    Str: 12    XL:     6   Next: 74%
Magic:  8/10       EV: 12    Int: 14    God:    Fedhas [......]
Gold:   155        SH:  0    Dex: 14    Spells: 8/11 levels left

rFire    . . .     SeeInvis .     - Unarmed
rCold    . . .     Faith    .   (no shield)
rNeg     . . .     Spirit   .   a - +0 robe
rPois    .         Reflect  .   (helmet currently unavailable)
rElec    .         Harm     .   (no cloak)
rCorr    .         Rampage  .   l - +0 pair of gloves
Will     .....                  (boots currently unavailable)
Stlth    +.........             (no amulet)
HPRegen  0.15/turn              m - +4 ring of protection
MPRegen  0.12/turn              (no ring)

@: about to teleport, appendages (expiring), wereblooded
A: antennae 1, talons 2, molten scales 1, powered by death 1
a: End Transformation, Renounce Religion


You were on level 6 of the Dungeon.
You worshipped Fedhas.
Fedhas was noncommittal.
You had grown temporary talons.
You visited 2 branches of the dungeon, and saw 7 of its levels.

You collected 155 gold pieces.

Inventory:

Armour
 a - a +0 robe (worn)
 l - a +0 pair of gloves (worn)
Jewellery
 j - an uncursed amulet of reflection {unknown}
 m - a +4 ring of protection (left hand)
 p - a cursed amulet of inaccuracy {unknown}
Scrolls
 b - 2 scrolls of teleportation
 c - 3 scrolls of identify
 e - 2 scrolls of remove curse {unknown}
 i - a scroll of enchant armour {unknown}
 k - 2 scrolls of fear {unknown}
 n - a scroll of magic mapping {unknown}
 o - a scroll of amnesia {unknown}
 q - a scroll of noise {unknown}
Potions
 d - a potion of ambrosia
 f - a potion of heal wounds
 g - a potion of mutation {unknown}
 h - a potion of brilliance {unknown}


   Skills:
 + Level 2.7 Fighting
 - Level 1.7 Dodging
 * Level 4.6 Unarmed Combat
 + Level 3.2 Spellcasting
 * Level 4.0 Transmutations


You had 8 spell levels left.
You knew the following spells:

 Your Spells              Type           Power        Failure   Level
a - Beastly Appendage     Tmut           26%          4%          1
w - Wereblood             Tmut           13%          6%          2

Your spell library contained the following spells:

 Spells                   Type           Power        Failure   Level
 Spider Form              Tmut/Pois      3%           26%         3
 Ice Form                 Ice/Tmut       7%           65%         4
 Blade Hands              Tmut           6%           73%         5


Dungeon Overview and Level Annotations

Branches:
Dungeon (6/15)             Temple (1/1) D:5

Altars:
Dithmenos
Fedhas
Kikubaaqudgha
Vehumet
Wu Jian
Xom
Zin

Shops:
D:5 *


Innate Abilities, Weirdness & Mutations

You have a pair of small antennae on your head.
You are partially covered in molten scales. (AC +2)
You regenerate a little health from kills.
You have razor-sharp toenails.


Message History

Unknown command.
Casting: Beastly Appendage (safe; 4% risk of failure)
Confirm with . or Enter, or press ? or * to list all spells.
Your blood is infused with primal strength.
You barely miss the orc warrior.
The orc warrior hits you with a +0 long sword!
You open the door. The orc closely misses you.
The orc warrior hits you with a +0 long sword!!
* * * LOW HITPOINT WARNING * * *
A centaur comes into view.
Found a stone staircase leading down.
Unknown command.
As you read the scroll labelled VIESANO MEOC, it crumbles to dust.
You feel strangely unstable.
It was a scroll of teleportation.
Your transformation is almost over.
The orc hits you from afar with a +0 trident.
* * * LOW HITPOINT WARNING * * *
The orc warrior hits you with a +0 long sword!
You die...
Fedhas appreciates your contribution to the ecosystem.

.........#+
........#.........
.........>.......
........##......
o.......# .....
....o...# ...
..$.....####'#
.....o....##@#
......o...##o#
......[....oo#
#......o..o..#
#........o...#
#............#
#............#######
############.......#
#######.#


You could see an orc warrior, an orc wizard and 3 orcs.

Vanquished Creatures
  A bullfrog (D:6)
  A scorpion (D:4)
  A hound (D:5)
  An orc wizard (D:5)
  4 worker ants
  A worker ant zombie (D:6)
  A gnoll (D:5)
  A howler monkey skeleton (D:6)
  6 adders
  A shadow imp (D:5)
  An ooze (D:4)
  4 dart slugs
  4 leopard geckos
  2 orcs (D:5)
  8 giant cockroaches
  7 goblins
  8 hobgoblins
  5 jackals
  8 bats
  5 frilled lizards
  9 kobolds
  10 rats
89 creatures vanquished.

Notes
Turn   | Place    | Note
-------+----------+-------------------------------------------
     0 | D:1      | RepoMan the Demonspawn Transmuter began the quest for the
                  | Orb.
     0 | D:1      | Reached XP level 1. HP: 15/15 MP: 3/3
   211 | D:1      | Lost mutation: You have a pair of horns on your head.
                  | [demonic ancestry]
   211 | D:1      | Lost mutation: You have a pair of small horns on your head.
                  | [demonic ancestry]
   211 | D:1      | Gained mutation: You have a pair of small antennae on your
                  | head. [demonic ancestry]
   211 | D:1      | Reached XP level 2. HP: 21/21 MP: 3/5
   876 | D:1      | Reached XP level 3. HP: 26/26 MP: 4/6
  1617 | D:2      | Found a faded altar of an unknown god.
  1936 | D:2      | Learned a level 2 spell: Wereblood
  1974 | D:2      | Gained mutation: You are partially covered in molten
                  | scales. (AC +2) [demonic ancestry]
  1974 | D:2      | Reached XP level 4. HP: 32/32 MP: 5/7
  3463 | D:4      | Reached XP level 5. HP: 26/38 MP: 6/9
  3508 | D:4      | Found a blossoming altar of Fedhas.
  3513 | D:4      | Found a shadowy altar of Dithmenos.
  3515 | D:4      | Found an ancient bone altar of Kikubaaqudgha.
  3518 | D:4      | Became a worshipper of Fedhas Madash
  3723 | D:4      | Noticed an ogre
  3737 | D:5      | Entered Level 5 of the Dungeon
  3951 | D:5      | Found Wygiehae's Assorted Antiques.
  4275 | D:5      | Found a staircase to the Ecumenical Temple.
  4282 | Temple   | Entered the Ecumenical Temple
  4310 | D:5      | Gained mutation: You regenerate a little health from kills.
                  | [demonic ancestry]
  4310 | D:5      | Reached XP level 6. HP: 21/45 MP: 10/10
  4548 | D:5      | Noticed an ice beast
  4706 | D:6      | Found a radiant altar of Vehumet.
  4756 | D:6      | Noticed an angel
  4757 | D:6      | Found a glowing silver altar of Zin.
  4757 | D:6      | Found a shimmering altar of Xom.
  4999 | D:6      | Noticed an orc warrior
  5012 | D:6      | Slain by an orc warrior

Illustrated notes

Levels and vault maps discovered:
D:1:      dpeg_arrival_subterranean_lakeside_camping, layout_rooms, st_stairs_2
D:2:      layout_basic, chequers_ecumenical_altar_island
D:3:      layout_loops_ring
D:4:      layout_cave_pools, kennysheep_mini, grunt_temple_overflow_open
D:5:      layout_layer_cave, minmay_temple_entry_slanted, serial_shops, shop,
          grunt_tough_drop, uniq_blork_the_orc, uniq_sigmund,
          uniq_prince_ribbit1, uniq_grinder, uniq_crazy_yiuf_cottage
D:6:      layout_basic, grunt_temple_overflow_order_and_chaos_1,
          old_standard_altar, minmay_lizard_king
Temple:   dshaligram_water_room_temple

Skill      XL: |  1  2  3  4  5  6 |
---------------+-------------------+-----
Transmutations | 2 3 4 |  4.0
Unarmed Combat | 3 4 |  4.6
Fighting       | 2 |  2.7
Spellcasting   | 3 |  3.2
Dodging        | |  1.7

Action                   |  1- 3 |  4- 6 || total
-------------------------+-------+-------++-------
Melee: Unarmed           |   131 |   222 ||   353
       Kick              |    21 |    55 ||    76
       Headbutt          |     1 |       ||     1
       Punch             |     1 |     3 ||     4
 Cast: Beastly Appendage |    33 |    34 ||    67
       Wereblood         |       |     1 ||     1
  Use: Potion            |       |     2 ||     2
       Scroll            |       |     3 ||     3
 Stab: Sleeping          |     2 |     2 ||     4
Armor: Robe              |    18 |    69 ||    87
Dodge: Dodged            |    88 |   124 ||   212
